 Dungeon Crawl Stone Soup version 0.28-a0-957-g42eb19b844 (webtiles) character file.

Game seed: 320336856118889565

301 bande the Covered (level 6, -6/38 HPs)
             Began as a Gargoyle Fighter on Dec 1, 2021.
             Engulfed by a steam dragon's steam (13 damage)
             ... on level 4 of the Dungeon.
             The game lasted 00:04:39 (2982 turns).

bande the Covered (Gargoyle Fighter)                Turns: 2982, Time: 00:04:40

Health: -6/38      AC: 13    Str: 22    XL:     6   Next: 37%
Magic:  6/6        EV:  8    Int:  8    God:
Gold:   82         SH:  4    Dex:  9    Spells: 5/5 levels left

rFire   . . .      SeeInvis .   n - +2 hand axe (elec)
rCold   . . .      Faith    .   c - +0 buckler
rNeg    + . .      Spirit   .   m - +0 chain mail
rPois   ∞          Reflect  .   (no helmet)
rElec   +          Harm     .   (no cloak)
rCorr   .          Rampage  .   (no gloves)
Will    .....                   (no boots)
Stlth   ..........              (no amulet)
HPRegen 0.12/turn               (no ring)
MPRegen 0.10/turn               (no ring)

@: no status effects
A: sickness immunity, AC +4, negative energy resistance 1, electricity
resistance, torment resistance 1, petrification resistance
a: no special abilities


You were on level 4 of the Dungeon.
You visited 1 branch of the dungeon, and saw 4 of its levels.

You collected 82 gold pieces.

Inventory:

Hand Weapons
 a - a +0 war axe
 h - a +3 vorpal mace
 n - a +2 hand axe of electrocution (weapon)
 o - a +0 war axe
Armour
 c - a +0 buckler (worn)
 m - a +0 chain mail (worn)
Wands
 k - a wand of charming (6)
 l - a wand of digging (6)
Scrolls
 e - a scroll of blinking
Potions
 f - 2 potions of curing
 g - a potion of flight {unknown}
 i - a potion of haste {unknown}
 j - a potion of ambrosia {unknown}


   Skills:
 + Level 4.3 Fighting
 + Level 4.0 Axes
 + Level 4.3 Armour
 + Level 4.0 Shields
 * Level 1.5 Evocations


You had 5 spell levels left.
You didn't know any spells.
Your spell library contained the following spells:

 Spells                   Type           Power      Damage    Failure   Level
 Inner Flame              Hex/Fire       0%         N/A       100%        3
 Cause Fear               Hex            0%         N/A       100%        4
 Discord                  Hex            0%         N/A       100%        8


Dungeon Overview and Level Annotations

Branches:
Dungeon (4/15)
 Temple: D:4-7

Altars:


Innate Abilities, Weirdness & Mutations

You are immune to sickness and miasma.
Your stone body is resilient. (AC +4)
You are immune to poison.
You resist negative energy. (rN+)
You are resistant to electric shocks. (rElec)
You are resistant to unholy torment.
You are immune to petrification.


Message History

The steam dragon bites you but does no damage.
The steam dragon barely misses you.
You closely miss the steam dragon.
The steam dragon is lightly wounded.
The steam dragon bites you but does no damage.
The steam dragon claws you but does no damage.
You closely miss the steam dragon.
The steam dragon is lightly wounded.
The steam dragon bites you! The steam dragon barely misses you.
You closely miss the steam dragon.
The steam dragon is lightly wounded.
The steam dragon barely misses you. The steam dragon claws you.
You hit the steam dragon but do no damage.
Lightning courses through the steam dragon!
The steam dragon is heavily wounded.
The steam dragon barely misses you. The steam dragon claws you.
You hit the steam dragon.
The steam dragon is heavily wounded.
The steam dragon bites you but does no damage.
The steam dragon claws you but does no damage.
The steam dragon closely misses you.
The steam dragon claws you but does no damage.
You closely miss the steam dragon.
The steam dragon is heavily wounded.
The steam dragon barely misses you.
The steam dragon claws you but does no damage.
You barely miss the steam dragon.
The steam dragon is heavily wounded.
You block the steam dragon's attack.
The steam dragon claws you but does no damage.
You hit the steam dragon but do no damage.
The steam dragon is heavily wounded.
The steam dragon breathes steam at you. The ball of steam hits you!
* * * LOW HITPOINT WARNING * * *
You hear a shout!
You closely miss the steam dragon.
The steam dragon is heavily wounded.
You are engulfed in a cloud of scalding steam.
You die...

......# #.....#
##.....##
.......##
#.......
#...>.####
#.......# #D#
##@# #.§# #.§#
#..# ##.>...
#..######......#
#..............#
#...#####......#
##......#......#
##..###.#......#
##


You could see a steam dragon (catching breath).

Vanquished Creatures
  An ogre (D:4)
  A water moccasin skeleton (D:4)
  A centaur skeleton (D:4)
  Jessica (D:2)
  Terence (D:2)
  A hound skeleton (D:4)
  A howler monkey skeleton (D:3)
  2 adders
  A dart slug (D:3)
  8 orcs (D:4)
  4 bats
  3 endoplasms
  A giant cockroach (D:4)
  3 goblins
  3 hobgoblins
  4 kobolds
  2 quokkas
  6 ball pythons
  A frilled lizard (D:3)
  4 rats
49 creatures vanquished.

Notes
Turn   | Place    | Note
-------+----------+-------------------------------------------
     0 | D:1      | bande the Gargoyle Fighter began the quest for the Orb.
     0 | D:1      | Reached XP level 1. HP: 14/14 MP: 1/1
   106 | D:1      | Found a faded altar of an unknown god.
   570 | D:1      | Reached XP level 2. HP: 19/19 MP: 2/2
   996 | D:2      | Noticed Jessica
  1005 | D:2      | Killed Jessica
  1006 | D:2      | Reached XP level 3. HP: 20/24 MP: 3/3
  1155 | D:2      | Noticed Terence
  1163 | D:2      | Killed Terence
  1164 | D:2      | Reached XP level 4. HP: 17/29 MP: 4/4
  2198 | D:4      | Noticed an ogre
  2201 | D:4      | Killed an ogre
  2202 | D:4      | Reached skill level 1 in Evocations
  2202 | D:4      | Reached XP level 5. HP: 9/33 MP: 5/5
  2750 | D:4      | Reached XP level 6. HP: 38/38 MP: 6/6
  2967 | D:4      | Noticed a steam dragon
  2982 | D:4      | Engulfed by a steam dragon's steam

Illustrated notes

Levels and vault maps discovered:
D:1:      grunt_arrival_crossed_arrows, layout_loops_ring,
          shapermc_ecumenical_altar_petra
D:2:      layout_rooms, minmay_misc_feat_rows, grunt_ministairs_3, uniq_jessica,
          uniq_terence
D:3:      layout_loops_cross
D:4:      layout_rooms, chequers_serial_rivers_large_b, columned_hall_lemuel,
          uniq_natasha

Skill      XL: |  1  2  3  4  5  6 |
---------------+-------------------+-----
Axes           | 2 3 4 |  4.0
Fighting       | 4 |  4.3
Armour         | 4 |  4.3
Evocations     | 1 |  1.5
Shields        | 4 |  4.0

Action                   |  1- 3 |  4- 6 || total
-------------------------+-------+-------++-------
Melee: War axe           |    47 |    59 ||   106
       Hand axe          |       |    34 ||    34
  Use: Scroll            |       |     5 ||     5
       Potion            |       |     1 ||     1
Armor: Scale mail        |    32 |    39 ||    71
       Chain mail        |       |    28 ||    28
Dodge: Dodged            |    20 |    51 ||    71
Block: Buckler           |    14 |    15 ||    29

Table legend: (Time is in decaauts)
 A = Elapsed time spent in this place.
 B = Non-inter-level travel time spent in this place.
 C = Inter-level travel time spent in this place.
 D = Time resting spent in this place.
 E = Time spent auto-exploring this place.
 F = Levels seen in this place.
 G = Mean time per level.
                   A        B        C        D        E       F      G
               +--------+--------+--------+--------+--------+-----+--------+
         Total |   3025 |   3025 |      0 |    830 |   1750 |   4 |  756.2 |
       Dungeon |   3025 |   3025 |      0 |    830 |   1750 |   4 |  756.2 |
               +--------+--------+--------+--------+--------+-----+--------+

Top non-repeatable levels by time:
     D:1: 979 daAuts
     D:4: 794 daAuts
     D:2: 640 daAuts
     D:3: 611 daAuts
